 Seeded DCSS version 0.31.0-11-ge490571c62 (webtiles) character file.

Game seed: 6224800080693213806 (custom seed)

118336 hikkokomori the Blocker (level 16, -4/196 HPs)
             Began as a Merfolk Berserker on Feb 5, 2024.
             Was the Champion of Trog.
             Slain by an alligator (10 damage)
             ... on level 4 of the Swamp.
             The game lasted 00:47:09 (22454 turns).

hikkokomori the Blocker (Merfolk Berserker)        Turns: 22454, Time: 00:47:10

Health: -4/196     AC: 31    Str: 35    XL:     16   Next: 76%
Magic:  0/5        EV: 12    Int:  6    God:    Trog [******]
Gold:   1621       SH: 16    Dex: 16    Spells: 15/15 levels left

rFire   + + .        O - +3 broad axe (antimagic)
rCold   + . .        y - +3 kite shield {rF+}
rNeg    . . .        N - +6 gold dragon scales
rPois   +            b - +2 hat
rElec   .            A - +0 cloak
rCorr   .            z - +2 pair of gloves
SInv    .            t - +0 pair of boots {Fly}
Will    +....        W - amulet of guardian spirit Stlth
                     T - +6 ring of strength
HPRegen 0.52/turn    a - +6 ring of strength
MPRegen 0.09/turn

%: guardian spirit
@: berserking, attractive, flying, very quick
A: nimble swimmer 2, mertail
a: Renounce Religion, Berserk, Trog's Hand, Brothers in Arms


You were on level 4 of the Swamp.
You worshipped Trog.
Trog was exalted by your worship.
You visited 4 branches of the dungeon, and saw 23 of its levels.
You also visited: Gauntlet.

You collected 3064 gold pieces.
You spent 1443 gold pieces at shops.

Inventory:

Hand Weapons
 C - the +10 war axe "Wureloal" {freeze, rPois rCorr Int-3}
   (You found it on level 3 of the Dungeon)

   Int-3:     It affects your intelligence (-3).
   rPois:     It protects you from poison rCorr: It protects you from acid and
   corrosion.
 O - a +3 antimagic broad axe (weapon)
Missiles
 v - a throwing net (quivered)
 U - 5 silver javelins
Armour
 b - a +2 hat (worn)
 t - a +0 pair of boots of flying (worn)
 y - a +3 kite shield of fire resistance (worn)
 z - a +2 pair of gloves (worn)
 A - a +0 cloak (worn)
 N - +6 gold dragon scales (worn)
Jewellery
 a - a +6 ring of strength (right hand)
 c - a ring of see invisible
 h - an amulet of the acrobat
 q - a +4 ring of protection
 w - a +4 ring of protection
 x - a ring of flight
 R - the amulet of the Three Blessings {Faith Int+5}
   (You took it off a minotaur in a Gauntlet)

   [amulet of faith]

   Faith:     It allows you to gain divine favour quickly.
   Int+5:     It affects your intelligence (+5).
 T - a +6 ring of strength (left hand)
 V - a ring of resist corrosion
 W - an amulet of guardian spirit (around neck)
Wands
 E - a wand of charming (32)
 K - a wand of light (8)
 L - a wand of flame (63)
 Q - a wand of roots (18)
 S - a wand of digging (4)
 Y - a wand of mindburst (14)
Scrolls
 d - 3 scrolls of identify
 i - 6 scrolls of immolation
 k - 2 scrolls of poison
 o - 5 scrolls of noise
 p - 2 scrolls of silence
 G - 2 scrolls of brand weapon
 H - 4 scrolls of amnesia
 I - 7 scrolls of teleportation
 J - 2 scrolls of fog
 M - a scroll of blinking
 P - 4 scrolls of fear
 X - 3 scrolls of revelation
Potions
 e - 3 potions of might
 f - 5 potions of heal wounds
 g - 3 potions of brilliance
 j - 3 potions of attraction
 l - 3 potions of magic
 m - 17 potions of curing
 r - 5 potions of degeneration
 s - 4 potions of cancellation
 u - 3 potions of enlightenment
 B - 2 potions of invisibility
 D - 2 potions of resistance
 F - 6 potions of haste
 Z - 2 potions of mutation
Miscellaneous
 n - a phantom mirror


   Skills:
 + Level 13.4 Fighting
 + Level 14.5(14.9) Axes
 - Level 8.5(16.3) Polearms
 + Level 4.3 Throwing
 + Level 9.8 Armour
 - Level 8.0 Dodging
 - Level 14.5 Shields
 + Level 4.3 Evocations


You had 15 spell levels left.
You didn't know any spells.
Your spell library was empty.

Dungeon Overview and Level Annotations

Branches:
Dungeon (12/15)            Temple (0/1) D:6            Lair (5/5) D:10
  Swamp (4/4) Lair:3        Snake (0/4) Lair:3        Slime (0/5) Lair:4
    Orc (2/2) D:12            Elf (0/3) Orc:2       Gauntlet (visited)

Altars:
Ashenzari
Elyvilon
Gozag
Kikubaaqudgha
Makhleb
Nemelex Xobeh
Trog
Uskayaw
Vehumet
Zin
The Shining One
Jiyva

Shops:
D:10 [   Orc:2 ([?

Annotations:
Swamp:3 3 runed translucent doors, Foxy's ghost, adept GrFi


Innate Abilities, Weirdness & Mutations

You are very nimble when in or above water. (Stealth+, EV+, Speed+++)
Your lower body shifts to a powerful aquatic tail in water.


Message History

You block the swamp worm's attack. The tyrant leech bites you!
The tyrant leech draws strength from your injuries!
The eleionoma hurls a spray of splinters at you.
The spray of wooden splinters hits you but does no damage.
The swamp worm bites you but does no damage.
You block the goliath frog's attack. The alligator is attracted toward you.
You barely miss the swamp worm.
The swamp worm is heavily wounded.
You slice the eleionoma!!
The eleionoma's magic leaks into the air.
You miss the tyrant leech. You slash the bunyip! You slash the swamp worm!
The swamp worm bites you!! You block the eleionoma's attack.
The tyrant leech misses you. The alligator is attracted toward you.
Unknown command.
You barely miss the swamp worm.
The swamp worm is heavily wounded.
You hit the swamp worm. You barely miss the eleionoma.
You hit the alligator but do no damage. You slash the tyrant leech!
You hit the bunyip. You block the alligator's attack.
The alligator bites you but does no damage.
The bunyip closely misses you. The bunyip misses you. The bunyip claws you!!
* * * LOW HITPOINT WARNING * * *
The swamp worm barely misses you. You block the goliath frog's attack.
The swamp worm bites you!!
* * * LOW HITPOINT WARNING * * *
Unknown command.
You slice the swamp worm!!
You kill the swamp worm!
Trog accepts your kill.
You hit the alligator. You slice the tyrant leech!! You slash the bunyip!
You slice the swamp worm!!
You kill the swamp worm!
Trog accepts your kill.
You open the eleionoma like a pillowcase!!!
The eleionoma's magic leaks into the air.
You hear a shout!
The eleionoma hits you but does no damage.
You block the goliath frog's attack. You block the alligator's attack.
The alligator bites you!
You die...

~~~~~~~ ♣♣♣
§§~~~~~...~♣
§§~~~~~....♣♣
♣.~~~~~~~~~.
♣~~~~~~~~~
♣~~§~~.♣~
♣...F~~.♣♣
?~♣~.§R†<~♣
~..~~~l@.~♣
~~§§~~wx)....♣
~...~~~§~§....♣
~..~~~~~~~♣♣.~♣
.§.~~~~§~~♣
...♣
§~.~~~~~§(♣ .~♣
~.§.~~~~~♣♣ ♣♣
~.♣♣♣~[§~♣


You could see a bunyip (strong), an eleionoma (magic disrupted), an alligator, a
tyrant leech (strong) and a goliath frog (strong).

Vanquished Creatures
  A thorn hunter (Swamp:3)
  Kirke (D:12)
  Aizul (Swamp:1)
  An orc warlord (Orc:2)
  5 eleionomae
  A dire elephant (Lair:2)
  A minotaur (Gauntlet)
  3 bunyips
  A shambling mangrove (Swamp:3)
  An ice dragon (Lair:5)
  5 ogre magi (Orc:2)
  3 ghost crabs
  10 hydras
  Erica (Lair:1)
  2 catoblepae
  8 two-headed ogres
  8 alligators
  3 boulder beetles
  A hell hog (Gauntlet)
  9 death yaks
  7 spriggans
  4 skysharks
  Lodul (D:12)
  A sixfirhy (Gauntlet)
  3 goliath frogs
  3 swamp dragons (Swamp:3)
  6 spriggan druids
  3 bog bodies
  3 lindwurms
  5 orc knights (Orc:2)
  2 ugly things
  3 will-o-the-wisps
  5 manticores
  An orc sorcerer (Orc:2)
  A cyclops (D:12)
  15 elephants
  7 torpor snails
  9 cane toads
  A rust devil (Gauntlet)
  6 black mambas
  Maggie (D:6)
  3 unseen horrors
  A gargoyle (D:10)
  A kobold demonologist (D:10)
  A rime drake (Lair:4)
  6 komodo dragons
  2 trolls
  12 tyrant leeches
  13 hornets
  7 dream sheep (Lair:5)
  Prince Ribbit (D:6)
  3 blink frogs
  Sigmund (D:2)
  63 yaks
  4 fire bats (Gauntlet)
  A ynoxinul (Gauntlet)
  A vampire (D:12)
  6 wraiths
  9 wargs
  6 wyverns
  Grum (D:11)
  3 hogs (D:12)
  7 basilisks
  16 swamp worms
  4 vampire mosquitoes (Swamp:2)
  Menkaure (D:5)
  3 steam dragons
  2 nagas (Lair:3)
  13 water moccasins
  Duvessa (D:7)
  Edmund (D:4)
  3 hell hounds (Gauntlet)
  22 orc warriors
  A swamp drake (Swamp:2)
  21 ogres
  5 black bears
  3 centaurs
  26 wolves
  2 phantoms
  4 kobold brigands
  16 bullfrogs
  2 gnoll sergeants
  5 scorpions
  7 wights
  Dowan (D:7)
  15 killer bees (D:8)
  7 electric eels
  2 howler monkeys (D:9)
  2 bombardier beetles
  5 hounds
  4 jellies
  Crazy Yiuf (D:2)
  12 orc priests
  3 iron imps (Gauntlet)
  A sleepcap (D:5)
  A gnoll bouda (D:5)
  3 iguanas
  23 orc wizards
  A hell rat (Lair:2)
  9 gnolls
  11 adders
  A shadow imp (D:6)
  4 ufetubi (Gauntlet)
  A ribbon worm (D:3)
  A dart slug (D:1)
  80 orcs
  6 bats
  9 endoplasms
  A giant cockroach (D:2)
  5 goblins
  13 hobgoblins
  3 jackals (D:1)
  28 kobolds
  4 quokkas
  6 ball pythons
  7 rats
733 creatures vanquished.

Vanquished Creatures (collateral kills)
  Frances (Swamp:1)
  An eleionoma (Swamp:1)
  A bunyip (Swamp:1)
  A swamp dragon (Swamp:1)
4 creatures vanquished.

Vanquished Creatures (others)
  A bloated husk (Swamp:1)
  3 orcs (Orc:2)
  14 foxfires
18 creatures vanquished.

Grand Total: 755 creatures vanquished

Notes
Turn   | Place    | Note
-------+----------+-------------------------------------------
     0 | D:1      | hikkokomori the Merfolk Berserker began the quest for the
                  | Orb.
     0 | D:1      | Reached XP level 1. HP: 18/18 MP: 1/1
    96 | D:1      | Reached XP level 2. HP: 17/24 MP: 2/2
   169 | D:1      | Reached skill level 5 in Polearms
   455 | D:1      | Reached XP level 3. HP: 22/29 MP: 3/3
  1091 | D:2      | Noticed Sigmund
  1103 | D:2      | Killed Sigmund
  1104 | D:2      | Reached XP level 4. HP: 35/35 MP: 4/4
  1104 | D:2      | Reached XP level 5. HP: 41/41 MP: 5/5
  1107 | D:2      | Reached ** piety under Trog
  1208 | D:2      | Reached XP level 6. HP: 47/47 MP: 6/6
  1838 | D:2      | Identified the +5 hammer "Maefanad" {vamp, +Blink rPois
                  | Int+5}
  1844 | D:2      | Found a runed translucent door.
  1845 | D:2      | Noticed Crazy Yiuf
  2009 | D:2      | Killed Crazy Yiuf
  2312 | D:3      | Identified the +10 war axe "Wureloal" {freeze, rPois rCorr
                  | Int-3}
  2643 | D:3      | Found a glowing golden altar of the Shining One.
  2891 | D:4      | Noticed Edmund
  2909 | D:4      | Killed Edmund
  2910 | D:4      | Reached skill level 1 in Axes
  2910 | D:4      | Reached XP level 7. HP: 40/55 MP: 7/7
  3100 | D:4      | Reached skill level 5 in Fighting
  3283 | D:4      | Reached *** piety under Trog
  3446 | D:5      | Entered Level 5 of the Dungeon
  3452 | D:5      | Found an opulent altar of Gozag.
  3528 | D:5      | Reached XP level 8. HP: 43/64 MP: 8/8
  3671 | D:5      | Identified the +0 chain mail of Hungovvo {Harm Will+ Dex+3}
  3762 | D:5      | Noticed Menkaure
  3769 | D:5      | Killed Menkaure
  4000 | D:5      | Identified the +0 robe "Lewellikk" {rCorr Str+3 Stlth+}
  4188 | D:5      | Found a white marble altar of Elyvilon.
  4195 | D:5      | Found a broken altar of Ashenzari.
  4240 | D:5      | Found a sparkling altar of Nemelex Xobeh.
  4640 | D:6      | Reached XP level 9. HP: 72/72 MP: 9/9
  4657 | D:6      | Found a staircase to the Ecumenical Temple.
  4694 | D:6      | Found a radiant altar of Vehumet.
  4771 | D:6      | Identified the +0 hand axe of Dissolution {flame, *Rage
                  | rPois Str+3 Dex+4}
  4864 | D:6      | Noticed Prince Ribbit
  4868 | D:6      | Killed Prince Ribbit
  4869 | D:6      | Reached skill level 5 in Axes
  5332 | D:6      | Noticed Maggie
  5336 | D:6      | Killed Maggie
  5839 | D:7      | Found a burning altar of Makhleb.
  5845 | D:7      | Noticed Duvessa
  5845 | D:7      | Noticed Dowan
  5847 | D:7      | Reached **** piety under Trog
  5851 | D:7      | Killed Duvessa
  5854 | D:7      | Killed Dowan
  6463 | D:7      | Found an ancient bone altar of Kikubaaqudgha.
  6463 | D:7      | Found a bloodstained altar of Trog.
  6614 | D:8      | Reached skill level 5 in Armour
  6634 | D:8      | Reached XP level 10. HP: 83/83 MP: 10/10
  6646 | D:8      | Reached skill level 10 in Fighting
  7074 | D:8      | Reached ***** piety under Trog
  7714 | D:9      | Received a gift from Trog
  7828 | D:9      | Reached XP level 11. HP: 70/92 MP: 11/11
  8352 | D:10     | Entered Level 10 of the Dungeon
  8383 | D:10     | Reached skill level 1 in Shields
  8659 | D:10     | Noticed a two-headed ogre
  8668 | D:10     | Killed a two-headed ogre
  8682 | D:10     | Found a staircase to the Lair.
  8758 | D:10     | Found Fraech's Dragon-Slaying Spoils.
  8790 | D:10     | Found a hide-covered altar of Uskayaw.
  8966 | D:10     | Found a glowing silver altar of Zin.
  8967 | D:10     | Noticed an angel
  9053 | Lair:1   | Entered Level 1 of the Lair of Beasts
  9279 | Lair:1   | Reached skill level 5 in Shields
  9663 | Lair:1   | Reached XP level 12. HP: 98/99 MP: 12/12
  9906 | Lair:1   | Noticed Erica
  9927 | Lair:1   | Killed Erica
 10136 | Lair:2   | Reached skill level 10 in Axes
 10251 | Lair:2   | Found a gate leading to a gauntlet.
 10306 | Gauntlet | Entered a Gauntlet
 10306 | Gauntlet | Found a transporter.
 10306 | Gauntlet | Found a transporter.
 10321 | Gauntlet | Found a transporter.
 10325 | Gauntlet | Found a transporter.
 10329 | Gauntlet | Found a runed translucent door.
 10329 | Gauntlet | Found a runed translucent door.
 10333 | Gauntlet | Found a transporter.
 10337 | Gauntlet | Found a transporter.
 10344 | Gauntlet | Noticed a tengu warrior
 10347 | Gauntlet | Found a transporter.
 10364 | Gauntlet | Found a transporter.
 10364 | Gauntlet | Noticed a hell hog
 10382 | Gauntlet | Found a transporter.
 10383 | Gauntlet | Found a transporter.
 10394 | Gauntlet | Found a transporter.
 10395 | Gauntlet | Found a transporter.
 10616 | Gauntlet | Killed a hell hog
 10623 | Gauntlet | Identified the +1 pair of boots "Houtuf" {Harm Dex+4}
 10705 | Gauntlet | Identified the staff of Glory {rElec rN++ Will- Stlth+ Air}
 10705 | Gauntlet | Identified the amulet of the Three Blessings {Faith Int+5}
 10705 | Gauntlet | Noticed a minotaur
 10713 | Gauntlet | Killed a minotaur
 10835 | Lair:2   | Noticed a six-headed hydra
 10843 | Lair:2   | Killed a ten-headed hydra
 11140 | Lair:2   | Reached skill level 10 in Shields
 11140 | Lair:2   | Reached XP level 13. HP: 91/105 MP: 13/13
 11156 | Lair:2   | Noticed a dire elephant
 11446 | Lair:2   | Received a gift from Trog
 12038 | Lair:2   | Killed a dire elephant
 12822 | Lair:3   | Found a staircase to the Swamp.
 13335 | Lair:3   | Found a staircase to the Snake Pit.
 13868 | Lair:4   | Reached XP level 14. HP: 111/111 MP: 14/14
 13870 | Lair:4   | Found a staircase to the Slime Pits.
 13870 | Lair:4   | Found a viscous altar of Jiyva.
 13985 | Lair:4   | Received a gift from Trog
 14698 | D:10     | Bought +0 gold dragon scales for 1040 gold pieces
 14812 | Lair:5   | Entered Level 5 of the Lair of Beasts
 16498 | D:11     | Noticed Grum
 16507 | D:11     | Reached ****** piety under Trog
 16512 | D:11     | Reached XP level 15. HP: 106/117 MP: 12/15
 16515 | D:11     | Killed Grum
 16597 | D:11     | Received a gift from Trog
 17055 | D:12     | Noticed Kirke
 17057 | D:12     | Noticed Lodul
 17067 | D:12     | Killed Kirke
 17070 | D:12     | Killed Lodul
 17762 | D:12     | Found a staircase to the Orcish Mines.
 17914 | Orc:1    | Entered Level 1 of the Orcish Mines
 18032 | Orc:2    | Entered Level 2 of the Orcish Mines
 18043 | Orc:2    | Found Suos's Armour Emporium.
 18047 | Orc:2    | Bought a +2 pair of gloves for 214 gold pieces
 18062 | Orc:2    | Noticed an orc warlord
 18094 | Orc:2    | Killed an orc warlord
 18260 | Orc:2    | Paralysed by an orc sorcerer for 5 turns
 18315 | Orc:2    | Paralysed by an ogre mage for 2 turns
 18370 | Orc:2    | Received a gift from Trog
 18424 | Orc:2    | Found a staircase to the Elven Halls.
 18657 | Orc:2    | Received a gift from Trog
 18685 | Orc:2    | Found Oppun's Magic Scroll Shoppe.
 18753 | Orc:2    | Bought a scroll of enchant armour for 135 gold pieces
 18753 | Orc:2    | Bought a scroll of teleportation for 54 gold pieces
 18871 | Orc:2    | Found Worant's Antique Weapon Shoppe.
 19419 | Swamp:1  | Entered Level 1 of the Swamp
 19433 | Swamp:1  | Reached skill level 5 in Dodging
 19447 | Swamp:1  | Reached XP level 16. HP: 55/130 MP: 7/16
 19653 | Swamp:1  | Identified the serpent talisman of Submission {MP+9}
 19653 | Swamp:1  | Noticed Aizul
 19664 | Swamp:1  | Killed Aizul
 19677 | Swamp:1  | Noticed Frances
 19684 | Swamp:1  | Killed Frances
 19695 | Swamp:1  | Reached skill level 1 in Throwing
 19695 | Swamp:1  | Reached skill level 1 in Evocations
 21277 | Swamp:3  | Noticed a thorn hunter
 21293 | Swamp:3  | Killed a thorn hunter
 21295 | Swamp:3  | Found a runed translucent gate.
 21296 | Swamp:3  | Found a runed translucent gate.
 21297 | Swamp:3  | Found a runed translucent gate.
 21654 | Swamp:3  | Noticed Foxy's ghost (adept GrFi)
 21679 | Swamp:3  | Received a gift from Trog
 22438 | Swamp:4  | Entered Level 4 of the Swamp
 22453 | Swamp:4  | HP: 5/196 [swamp worm (27)]
 22454 | Swamp:4  | Slain by an alligator

Illustrated notes

Levels and vault maps discovered:
D:1:      dpeg_arrival_connections, layout_loops_corners, minmay_pentomino_s2
D:2:      layout_loops_ring, serial_bayou_pond_d, minmay_vboxes,
          uniq_crazy_yiuf_cottage, uniq_sigmund
D:3:      layout_basic, mainiacjoe_overflow_tiny_flanked
D:4:      layout_loops_ring, minmay_misc_feat_chi, nicolae_letterblocks
          [nicolae_letter_subblock, nicolae_letter_subblock,
          nicolae_letter_subblock, nicolae_letter_subblock,
          nicolae_letter_subblock, nicolae_letter_subblock,
          nicolae_letter_subblock, nicolae_letter_subblock,
          nicolae_letter_subblock, nicolae_letter_subblock,
          nicolae_letter_subblock, nicolae_letter_subblock,
          nicolae_letter_subblock, nicolae_letter_subblock,
          nicolae_letter_subblock, nicolae_letter_subblock,
          nicolae_letter_subblock, nicolae_letter_subblock,
          nicolae_letter_subblock, nicolae_letter_subblock,
          nicolae_letter_subblock, nicolae_letter_subblock,
          nicolae_letter_subblock, nicolae_letter_subblock,
          nicolae_letter_subblock], uniq_edmund
D:5:      layout_loops_ring, minitemple, nicolae_gozag_seed_capital,
          nemelex_dance_club_becter, uniq_menkaure
D:6:      layout_layer_cave, vehumet_altar_wand_db,
          minmay_temple_entry_offerings, dk_noncrumbling_4,
          kennysheep_another_room, uniq_maggie, uniq_prince_ribbit1
D:7:      layout_loops_ring, gammafunk_temple_overflow_pools,
          old_standard_altar, serial_bayou_lagoon_a, uniq_duvessa
D:8:      layout_basic, st_stairs_14
D:9:      layout_grid_maze
D:10:     layout_long_grid, zin_angel, mainiacjoe_overflow_paths,
          erik_lair_orcish_takeover, nicolae_shop_dragon_depot
D:11:     layout_cave_pools, minmay_joined_circles, uniq_grum
D:12:     layout_roguey, hiddenorc1_lemuel, serial_aquarium,
          aquarium_bridge_square [aquarium_subvault_wall,
          aquarium_subvault_bridge, aquarium_subvault_window,
          aquarium_subvault_bridge], aquarium_window_double, aquarium_window_2,
          aquarium_window_fake, aquarium_view_2e, aquarium_view_2b, uniq_kirke,
          uniq_lodul
Lair:1:   layout_chaotic_city, chequers_serial_rivers_micro_a,
          minmay_stone_trees_small, minivault_23, beast_lair_carwin_9,
          uniq_erica
Lair:2:   layout_chaotic_city, gauntlet_entry_generic,
          nicolae_lair_lakeside_cave
Lair:3:   layout_hall_layers, nicolae_swamp_entry_splash_gauntlet,
          minmay_snake_entry_guardpost_small, infiniplex_staircase_pool_2
Lair:4:   layout_small_grid, slime_entry_1, grunt_megastairs_2
Lair:5:   wormcave, layout_loops_ring, grunt_megastairs_4, lemuel_fruit_tree,
          lemuel_fruit_fields
Swamp:1:  layout_basic_swamp, nicolae_swamp_well_well_well, uniq_aizul,
          uniq_frances
Swamp:2:  layout_basic_swamp, nicolae_swamp_treefoil
Swamp:3:  layout_basic_swamp, gammafunk_ghost_hydra_chop,
          evilmike_swamp_ruin_house_3, swamp_pool_1_2
Swamp:4:  swamp_vile, layout_basic_swamp, uniq_mlioglotl
Orc:1:    layout_caves
Orc:2:    st_orc_town, layout_caves, serial_shops,
          nicolae_shop_tiny_real_fake_doors

Skill      XL: |  1  2  3  4  5  6  7  8  9 10 11 12 13 14 15 16 |
---------------+-------------------------------------------------+-----
Polearms       | 5 8 |  8.5
Armour         | 2 3 5 6 9 |  9.8
Fighting       | 4 6 7 9 10 13 | 13.4
Axes           | 1 3 4 6 7 9 11 12 14 | 14.5
Shields        | 6 10 12 14 | 14.5
Dodging        | 5 8 |  8.0
Throwing       | 4 |  4.3
Evocations     | 4 |  4.3

Action                     |  1- 3 |  4- 6 |  7- 9 | 10-12 | 13-15 | 16-18 || total
---------------------------+-------+-------+-------+-------+-------+-------++-------
  Melee: Spear             |    94 |     4 |       |       |       |       ||    98
         Halberd           |       |    84 |       |       |       |       ||    84
         War axe           |       |    15 |   167 |   395 |   713 |   254 ||  1544
         Tailslap          |       |       |     3 |       |       |       ||     3
         Broad axe         |       |       |       |       |       |    12 ||    12
  Throw: Javelin           |       |       |       |       |     2 |     2 ||     4
 Invoke: Berserk           |     1 |       |     1 |     4 |     9 |     4 ||    19
         Trog's Hand       |       |       |       |     1 |     1 |       ||     2
         Brothers in Arms  |       |       |       |       |       |     1 ||     1
  Evoke: Wand              |       |       |       |     4 |     4 |     5 ||    13
         Phantom mirror    |       |       |       |       |       |     1 ||     1
    Use: Scroll            |       |       |       |    23 |    10 |     4 ||    37
         Potion            |       |       |       |       |     1 |     2 ||     3
   Stab: Sleeping          |     1 |       |       |       |       |       ||     1
         Invisible         |       |       |       |     1 |       |     2 ||     3
         Distracted        |       |       |       |       |     1 |       ||     1
 Armour: Animal skin       |    23 |       |       |       |       |       ||    23
         Ring mail         |     2 |    43 |    34 |       |       |       ||    79
         Chain mail        |       |       |    35 |       |       |       ||    35
         Swamp dragon scal |       |       |    35 |   304 |   176 |       ||   515
         Gold dragon scale |       |       |       |       |   277 |   209 ||   486
  Dodge: Dodged            |    39 |    42 |    56 |   143 |   125 |    67 ||   472
  Block: Kite shield       |       |     7 |    91 |   264 |   536 |   172 ||  1070
